General information
- name: BNet
- type: Ladder team game (AT/RT)
- host: Battle.net
- saver: TIMEISAFLATCIRC
map: MarketSquare
- players: 8
- length: 42:16
- speed: Fast
- version: 1.28 W3XP
- replay type: Public
» download(259 KB)
Players
team 1 (winner)
ecupirate (
yellow | 27 APM | 943 actions | 35:22)
6 Blademaster
2 Wind Walk
3 Critical Strike
1 Bladestorm
» actions
| Basic commands | 3 | |
| Build / train | 39 | |
| Enter build submenu | 15 | |
| Enter hero's abilities submenu | 6 | |
| Give item / drop item | 4 | |
| Right click | 632 | |
| Select / deselect | 171 | |
| Use ability | 73 | |
943 total
» units
» upgrades
| Reinforced Defenses | 1 | |
| Envenomed Spears | 1 | |
2 total
» buildings
| Orc Burrow | 6 | |
| Altar of Storms | 1 | |
| Voodoo Lounge | 1 | |
| Barracks | 1 | |
| Stronghold | 1 | |
| War Mill | 1 | |
| Great Hall | 2 | |
| Beastiary | 2 | |
| Fortress | 1 | |
16 total
» build order
00:09 Orc Burrow
00:13 Altar of Storms
01:04 Voodoo Lounge
01:22 Barracks
01:44 Orc Burrow
03:35 Stronghold
03:39 Orc Burrow
04:43 War Mill
05:56 Great Hall
06:04 Beastiary
06:08 Beastiary
06:43 Orc Burrow
09:36 Fortress
09:43 Orc Burrow
09:50 Great Hall
12:01 Orc Burrow
» items
| Healing Salve | 3 | |
| Lesser Clarity Potion | 1 | |
| Circlet of Nobility | 3 | |
| Scroll of Speed | 1 | |
| Scroll of Town Portal | 1 | |
| Orb of Lightning | 1 | |
| Boots of Speed | 1 | |
11 total
TIMEISAFLATCIRC (
red | 110 APM | 4661 actions | 42:16)
6 Archmage
3 Summon Water Elemental
2 Brilliance Aura
1 Mass Teleport
6 Mountain King
3 Storm Bolt
2 Bash
1 Avatar
» actions
| Assign group hotkey | 122 | |
| Basic commands | 292 | |
| Build / train | 197 | |
| ESC pressed | 1 | |
| Enter build submenu | 58 | |
| Enter hero's abilities submenu | 13 | |
| Give item / drop item | 5 | |
| Right click | 1464 | |
| Select / deselect | 655 | |
| Select group hotkey | 1472 | |
| Use ability | 382 | |
4661 total
» units
| Peasant | 22 | |
| Footman | 8 | |
| Rifleman | 6 | |
| Priest | 3 | |
| Sorceress | 3 | |
| Siege Engine | 3 | |
| Mortar Team | 2 | |
| Spell Breaker | 2 | |
| Flying Machine | 8 | |
57 total
» upgrades
| Masonry | 3 | |
| Lumber Harvesting | 2 | |
| Gunpowder | 3 | |
| Priest Training | 2 | |
| Sorceress Training | 2 | |
| Long Rifles | 1 | |
| Armor | 3 | |
| Barrage | 1 | |
| Spiked Barricades | 1 | |
| Fragmentation Shards | 1 | |
| Plating | 3 | |
| Swords | 2 | |
| Control Magic | 1 | |
| Flak Cannons | 1 | |
26 total
» buildings
| Altar of Kings | 1 | |
| Barracks | 2 | |
| Farm | 12 | |
| Arcane Vault | 1 | |
| Lumber Mill | 1 | |
| Keep | 4 | |
| Town Hall | 2 | |
| Scout Tower | 26 | |
| Guard Tower | 50 | |
| Blacksmith | 1 | |
| Castle | 3 | |
| Arcane Sanctum | 2 | |
| Workshop | 1 | |
| Watch Tower | 8 | |
114 total
» build order
00:57 Altar of Kings
01:00 Barracks
01:02 Farm
01:05 Farm
01:21 Farm
01:52 Arcane Vault
02:14 Lumber Mill
02:29 Farm
03:47 Keep
03:48 Keep
03:48 Keep
04:30 Town Hall
05:27 Scout Tower
05:30 Scout Tower
05:36 Scout Tower
05:38 Scout Tower
05:41 Scout Tower
06:17 Guard Tower
06:17 Guard Tower
06:17 Guard Tower
06:19 Guard Tower
06:33 Farm
06:39 Guard Tower
06:52 Guard Tower
06:52 Guard Tower
06:53 Guard Tower
07:15 Guard Tower
07:42 Blacksmith
08:01 Scout Tower
08:01 Scout Tower
08:03 Scout Tower
08:19 Castle
08:19 Castle
08:19 Castle
09:33 Guard Tower
09:34 Guard Tower
09:34 Guard Tower
09:34 Guard Tower
10:22 Arcane Sanctum
10:30 Arcane Sanctum
12:08 Scout Tower
12:10 Scout Tower
14:17 Guard Tower
14:17 Guard Tower
14:18 Guard Tower
16:15 Barracks
16:19 Workshop
16:32 Scout Tower
16:34 Scout Tower
17:07 Guard Tower
17:07 Guard Tower
17:07 Guard Tower
17:07 Guard Tower
17:15 Guard Tower
17:15 Guard Tower
17:16 Guard Tower
18:22 Scout Tower
18:24 Scout Tower
18:25 Scout Tower
18:27 Scout Tower
19:01 Watch Tower
19:02 Watch Tower
19:02 Watch Tower
19:05 Guard Tower
19:10 Watch Tower
19:10 Watch Tower
19:11 Watch Tower
19:13 Watch Tower
19:14 Watch Tower
19:22 Farm
19:23 Farm
19:49 Farm
19:50 Farm
20:03 Guard Tower
20:04 Guard Tower
20:04 Guard Tower
20:04 Guard Tower
22:43 Farm
22:47 Farm
22:52 Scout Tower
23:11 Scout Tower
23:22 Guard Tower
23:23 Guard Tower
23:23 Guard Tower
23:23 Guard Tower
24:01 Guard Tower
24:01 Guard Tower
24:01 Guard Tower
24:02 Guard Tower
27:30 Farm
29:25 Scout Tower
29:26 Scout Tower
29:28 Scout Tower
29:28 Scout Tower
31:02 Guard Tower
31:02 Guard Tower
32:06 Scout Tower
32:07 Scout Tower
32:17 Town Hall
32:19 Scout Tower
32:20 Scout Tower
32:42 Guard Tower
32:57 Guard Tower
» items
| Scroll of Regeneration | 4 | |
| Healing Salve | 2 | |
| Scroll of Town Portal | 2 | |
| Staff of Sanctuary | 3 | |
| Periapt of Vitality | 2 | |
| Staff of Teleportation | 3 | |
| Orb of Fire | 1 | |
| Boots of Speed | 1 | |
18 total
MoKacinno (
orange | 61 APM | 1007 actions | 16:25)
3 Blademaster
2 Wind Walk
1 Critical Strike
» actions
| Assign group hotkey | 26 | |
| Basic commands | 9 | |
| Build / train | 37 | |
| Enter build submenu | 18 | |
| Enter hero's abilities submenu | 3 | |
| Remove unit from queue | 1 | |
| Right click | 453 | |
| Select / deselect | 165 | |
| Select group hotkey | 267 | |
| Use ability | 28 | |
1007 total
» units
| Peon | 7 | |
| Grunt | 5 | |
| Tauren | 5 | |
| Spirit Walker | 1 | |
18 total
» upgrades
| Armor | 2 | |
| Melee Weapons | 2 | |
| Shaman Training | 0 | |
| Spirit Walker Training | 2 | |
| Pulverize | 1 | |
7 total
» buildings
| Altar of Storms | 1 | |
| Orc Burrow | 6 | |
| Barracks | 1 | |
| War Mill | 1 | |
| Voodoo Lounge | 1 | |
| Stronghold | 1 | |
| Watch Tower | 3 | |
| Fortress | 1 | |
| Spirit Lodge | 1 | |
| Tauren Totem | 2 | |
18 total
» build order
00:23 Altar of Storms
00:37 Orc Burrow
00:54 Barracks
01:38 Orc Burrow
02:02 War Mill
03:16 Voodoo Lounge
03:45 Orc Burrow
04:25 Stronghold
05:05 Watch Tower
06:49 Fortress
07:00 Spirit Lodge
07:10 Orc Burrow
08:13 Watch Tower
09:36 Tauren Totem
09:42 Tauren Totem
11:39 Watch Tower
14:07 Orc Burrow
14:58 Orc Burrow
» items
| Circlet of Nobility | 1 | |
| Dust of Appearance | 1 | |
| Healing Salve | 1 | |
| Orb of Lightning | 1 | |
4 total
EliteOwnage (
green | 71 APM | 1159 actions | 16:18)
4 Blademaster
2 Wind Walk
2 Critical Strike
2 Shadow Hunter
1 Hex
1 Healing Wave
» actions
| Assign group hotkey | 7 | |
| Basic commands | 1 | |
| Build / train | 54 | |
| ESC pressed | 2 | |
| Enter build submenu | 29 | |
| Enter hero's abilities submenu | 6 | |
| Right click | 663 | |
| Select / deselect | 271 | |
| Select group hotkey | 52 | |
| Use ability | 74 | |
1159 total
» units
| Peon | 13 | |
| Grunt | 8 | |
| Raider | 3 | |
| Wind Rider | 3 | |
| Troll Batrider | 4 | |
31 total
» upgrades
| Ensnare | 1 | |
| Armor | 1 | |
| Ranged Weapons | 2 | |
| Melee Weapons | 1 | |
| Envenomed Spears | 1 | |
| Reinforced Defenses | 1 | |
7 total
» buildings
| Altar of Storms | 1 | |
| Orc Burrow | 5 | |
| Barracks | 1 | |
| Voodoo Lounge | 1 | |
| Stronghold | 2 | |
| War Mill | 1 | |
| Beastiary | 2 | |
| Watch Tower | 11 | |
| Fortress | 1 | |
| Great Hall | 2 | |
27 total
» build order
00:14 Altar of Storms
00:28 Orc Burrow
00:43 Barracks
01:33 Orc Burrow
02:04 Voodoo Lounge
02:20 Orc Burrow
03:09 Orc Burrow
03:32 Stronghold
03:33 Stronghold
04:39 War Mill
04:46 Orc Burrow
06:06 Beastiary
06:55 Beastiary
07:54 Watch Tower
08:20 Watch Tower
09:42 Watch Tower
09:45 Watch Tower
09:49 Watch Tower
09:51 Fortress
12:08 Watch Tower
12:26 Great Hall
13:09 Watch Tower
13:38 Watch Tower
14:32 Great Hall
14:49 Watch Tower
15:05 Watch Tower
15:44 Watch Tower
» items
| Healing Salve | 2 | |
| Lesser Clarity Potion | 2 | |
| Boots of Speed | 1 | |
5 total
team 2 (loser)
FORESCORE.D (
purple | 60 APM | 2541 actions | 42:15)
5 Blademaster
3 Wind Walk
2 Critical Strike
1 Shadow Hunter
1 Hex
» actions
| Assign group hotkey | 26 | |
| Basic commands | 197 | |
| Build / train | 71 | |
| Enter build submenu | 27 | |
| Enter hero's abilities submenu | 6 | |
| Give item / drop item | 5 | |
| Remove unit from queue | 1 | |
| Right click | 1002 | |
| Select / deselect | 268 | |
| Select group hotkey | 776 | |
| Use ability | 162 | |
2541 total
» units
| Peon | 17 | |
| Troll Batrider | 6 | |
| Wind Rider | 9 | |
32 total
» upgrades
| Reinforced Defenses | 1 | |
| Liquid Fire | 1 | |
| Ranged Weapons | 3 | |
| Armor | 2 | |
| Witch Doctor Training | 1 | |
8 total
» buildings
| Altar of Storms | 1 | |
| Orc Burrow | 7 | |
| War Mill | 1 | |
| Voodoo Lounge | 1 | |
| Watch Tower | 23 | |
| Stronghold | 2 | |
| Fortress | 2 | |
| Beastiary | 3 | |
| Spirit Lodge | 1 | |
41 total
» build order
00:10 Altar of Storms
00:20 Orc Burrow
00:38 War Mill
01:13 Voodoo Lounge
01:50 Watch Tower
02:15 Watch Tower
03:25 Stronghold
03:25 Stronghold
03:36 Watch Tower
03:41 Orc Burrow
03:54 Watch Tower
04:42 Watch Tower
04:43 Watch Tower
05:03 Watch Tower
06:12 Fortress
06:13 Fortress
06:45 Beastiary
06:54 Beastiary
07:24 Watch Tower
08:39 Orc Burrow
09:14 Orc Burrow
09:47 Watch Tower
09:48 Watch Tower
11:55 Watch Tower
12:09 Watch Tower
13:03 Orc Burrow
14:53 Watch Tower
14:54 Watch Tower
14:54 Watch Tower
14:54 Watch Tower
14:55 Watch Tower
14:57 Watch Tower
14:57 Watch Tower
15:28 Orc Burrow
16:07 Watch Tower
16:07 Watch Tower
17:02 Watch Tower
17:03 Watch Tower
18:34 Beastiary
19:42 Orc Burrow
32:57 Spirit Lodge
» items
| Healing Salve | 1 | |
| Lesser Clarity Potion | 3 | |
| Staff of Teleportation | 2 | |
| Boots of Speed | 1 | |
| Potion of Healing | 1 | |
| Dust of Appearance | 1 | |
| Potion of Mana | 2 | |
| Tiny Great Hall | 1 | |
| Orb of Lightning | 1 | |
| Potion of Lesser Invulnerability | 1 | |
| Scroll of Town Portal | 1 | |
15 total
HEADSWILLROLL (
blue | 50 APM | 1937 actions | 38:54)
5 Blademaster
3 Wind Walk
2 Critical Strike
» actions
| Assign group hotkey | 37 | |
| Basic commands | 161 | |
| Build / train | 79 | |
| Enter build submenu | 56 | |
| Enter hero's abilities submenu | 5 | |
| Give item / drop item | 5 | |
| Remove unit from queue | 9 | |
| Right click | 739 | |
| Select / deselect | 455 | |
| Select group hotkey | 259 | |
| Use ability | 132 | |
1937 total
» units
| Peon | 28 | |
| Grunt | 4 | |
| Troll Batrider | 7 | |
| Wind Rider | 2 | |
| Troll Witch Doctor | 2 | |
43 total
» upgrades
| Reinforced Defenses | 1 | |
| Troll Regeneration | 1 | |
| Liquid Fire | 0 | |
| Envenomed Spears | 1 | |
| Ranged Weapons | 3 | |
| Armor | 3 | |
9 total
» buildings
| Orc Burrow | 5 | |
| Altar of Storms | 2 | |
| Barracks | 1 | |
| Voodoo Lounge | 1 | |
| War Mill | 2 | |
| Stronghold | 1 | |
| Watch Tower | 30 | |
| Great Hall | 5 | |
| Fortress | 1 | |
| Beastiary | 6 | |
| Spirit Lodge | 1 | |
55 total
» build order
00:13 Orc Burrow
01:00 Orc Burrow
01:14 Altar of Storms
01:16 Barracks
02:00 Voodoo Lounge
02:43 War Mill
04:03 Stronghold
04:24 Watch Tower
05:21 Great Hall
05:25 Watch Tower
05:25 Watch Tower
05:29 Orc Burrow
06:48 Watch Tower
06:49 Watch Tower
06:49 Watch Tower
06:50 Watch Tower
09:32 Fortress
09:36 Beastiary
09:36 Beastiary
09:37 Beastiary
09:38 Beastiary
11:13 Watch Tower
11:14 Watch Tower
11:14 Watch Tower
11:16 Watch Tower
11:16 Watch Tower
11:29 Altar of Storms
11:31 Orc Burrow
12:16 Watch Tower
12:38 Beastiary
14:25 Orc Burrow
15:14 Great Hall
15:50 Watch Tower
15:51 Watch Tower
15:51 Watch Tower
16:26 Great Hall
16:27 Watch Tower
17:45 Watch Tower
17:48 Watch Tower
17:48 Watch Tower
17:49 Watch Tower
18:52 War Mill
20:14 Beastiary
23:50 Watch Tower
23:50 Watch Tower
23:51 Watch Tower
23:51 Watch Tower
23:55 Watch Tower
23:55 Watch Tower
24:35 Watch Tower
24:37 Watch Tower
24:41 Watch Tower
29:09 Spirit Lodge
33:52 Great Hall
33:56 Great Hall
» items
| Healing Salve | 1 | |
| Orb of Lightning | 1 | |
| Lesser Clarity Potion | 1 | |
| Staff of Teleportation | 2 | |
| Periapt of Vitality | 1 | |
| Tiny Great Hall | 1 | |
| Dust of Appearance | 2 | |
| Scroll of Town Portal | 1 | |
10 total

»
hkjhkjgghghk (
pink | 129 APM | 3786 actions | 29:22)
6 Death Knight
3 Death Coil
2 Unholy Aura
1 Animate Dead
5 Dreadlord
3 Sleep
2 Vampiric Aura
» actions
| Assign group hotkey | 37 | |
| Basic commands | 16 | |
| Build / train | 97 | |
| Enter build submenu | 23 | |
| Enter hero's abilities submenu | 11 | |
| Give item / drop item | 5 | |
| Remove unit from queue | 4 | |
| Right click | 1107 | |
| Select / deselect | 599 | |
| Select group hotkey | 1466 | |
| Use ability | 420 | |
3786 total
» units
| Acolyte | 22 | |
| Ghoul | 3 | |
| Crypt Fiend | 6 | |
| Obsidian Statue | 6 | |
| Frost Wyrm | 5 | |
42 total
» upgrades
| Creature Attack | 3 | |
| Creature Carapace | 3 | |
| Web | 1 | |
| Destroyer Form | 1 | |
| Ghoul Frenzy | 1 | |
| Freezing Breath | 1 | |
10 total
» buildings
| Graveyard | 3 | |
| Crypt | 1 | |
| Ziggurat | 9 | |
| Altar of Darkness | 1 | |
| Tomb of Relics | 1 | |
| Nerubian Tower | 2 | |
| Halls of the Dead | 1 | |
| Slaughterhouse | 1 | |
| Black Citadel | 1 | |
| Necropolis | 1 | |
| Spirit Tower | 3 | |
| Sacrificial Pit | 1 | |
| Boneyard | 2 | |
27 total
» build order
00:08 Graveyard
00:11 Crypt
00:27 Ziggurat
00:46 Altar of Darkness
01:44 Tomb of Relics
01:49 Ziggurat
02:39 Nerubian Tower
03:57 Halls of the Dead
04:37 Ziggurat
06:25 Slaughterhouse
06:43 Ziggurat
07:23 Black Citadel
12:12 Ziggurat
15:04 Graveyard
16:31 Necropolis
17:43 Ziggurat
17:47 Ziggurat
17:49 Ziggurat
17:52 Ziggurat
18:43 Spirit Tower
19:33 Sacrificial Pit
20:29 Boneyard
20:55 Boneyard
21:52 Graveyard
22:01 Spirit Tower
22:50 Nerubian Tower
» items
| Rod of Necromancy | 7 | |
| Dust of Appearance | 2 | |
| Boots of Speed | 2 | |
| Scroll of Town Portal | 3 | |
| Lesser Clarity Potion | 1 | |
| Orb of Corruption | 1 | |
| Scroll of Protection | 1 | |
| Scroll of Healing | 1 | |
| Potion of Lesser Invulnerability | 1 | |
19 total

»
EnSabahNur (
teal | 30 APM | 1248 actions | 42:15)
7 Blood Mage
3 Flame Strike
3 Siphon Mana
1 Summon Phoenix
» actions
| Assign group hotkey | 7 | |
| Basic commands | 69 | |
| Build / train | 47 | |
| ESC pressed | 8 | |
| Enter build submenu | 18 | |
| Enter hero's abilities submenu | 7 | |
| Right click | 720 | |
| Select / deselect | 169 | |
| Select group hotkey | 134 | |
| Use ability | 69 | |
1248 total
» units
| Peasant | 6 | |
| Gryphon Rider | 5 | |
| Dragonhawk Rider | 2 | |
13 total
» upgrades
| Lumber Harvesting | 1 | |
| Swords | 3 | |
| Storm Hammers | 1 | |
| Cloud | 1 | |
| Masonry | 1 | |
| Armor | 3 | |
| Animal War Training | 1 | |
| Magic Sentry | 1 | |
| Gunpowder | 1 | |
| Plating | 1 | |
14 total
» buildings
| Keep | 1 | |
| Farm | 9 | |
| Altar of Kings | 1 | |
| Blacksmith | 1 | |
| Lumber Mill | 1 | |
| Scout Tower | 5 | |
| Arcane Vault | 1 | |
| Castle | 1 | |
| Guard Tower | 1 | |
| Gryphon Aviary | 3 | |
| Arcane Tower | 1 | |
| Barracks | 1 | |
| Arcane Sanctum | 2 | |
28 total
» build order
01:22 Keep
01:37 Farm
01:54 Altar of Kings
02:40 Blacksmith
02:47 Lumber Mill
03:13 Farm
03:16 Farm
03:18 Farm
03:20 Farm
03:32 Scout Tower
03:33 Scout Tower
03:34 Scout Tower
03:35 Scout Tower
03:39 Scout Tower
04:01 Arcane Vault
04:50 Castle
05:31 Guard Tower
06:40 Gryphon Aviary
06:47 Gryphon Aviary
07:18 Gryphon Aviary
07:28 Arcane Tower
10:48 Farm
10:49 Farm
10:51 Farm
10:53 Farm
22:13 Barracks
22:45 Arcane Sanctum
22:50 Arcane Sanctum
» items
| Lesser Clarity Potion | 1 | |
| Potion of Healing | 3 | |
| Scroll of Town Portal | 1 | |
| Orb of Fire | 1 | |
| Scroll of Regeneration | 1 | |
| Staff of Sanctuary | 1 | |
8 total
Chat log
(00:06 / All) FORESCORE.D: orcs everywhere
(00:13 / All) MoKacinno: yay for orc!
(00:51 / Allies) MoKacinno: so units?
(00:56 / Allies) ecupirate: air sham
(01:02 / Allies) EliteOwnage: raiders
(01:03 / Allies) EliteOwnage: wyvs
(01:07 / Allies) MoKacinno: k ill do tauren
(01:11 / Allies) MoKacinno: and walkers
(03:21 / All) FORESCORE.D: go away yellow hacker
(03:27 / All) EliteOwnage: lololol
(03:47 / Allies) EliteOwnage: red put a couple of towers?
(03:52 / Allies) TIMEISAFLATCIRC: gonna
(05:28 / All) FORESCORE.D: have it ill leave u alone
(06:40 / Allies) EliteOwnage: need dust
(07:54 / Allies) TIMEISAFLATCIRC: creep mid
(08:35 / Allies) MoKacinno: watch out for bm creep jacking
(08:53 / Allies) MoKacinno: blue
(09:06 / Allies) MoKacinno: fuck he got it
(09:28 / All) EliteOwnage: LOLOLOL
(09:38 / Allies) EliteOwnage: hit blue
(10:01 / Allies) ecupirate: blue towers weak hit?
(12:51 / Allies) MoKacinno: who has aa?
(13:44 / All) HEADSWILLROLL: hex is so gay lalw
(14:19 / Allies) EliteOwnage: wood?
(14:20 / Allies) EliteOwnage: 100
(14:40 / Allies) EliteOwnage: hit
(14:44 / Allies) EliteOwnage: distract
(15:34 / Allies) EliteOwnage: go
(15:35 / All) HEADSWILLROLL: Faggot
(15:50 / Allies) MoKacinno: where the fuck are you guys?
(16:16 / All) HEADSWILLROLL: LOLOLOLOL
(16:20 / All) EnSabahNur: oops green
(16:27 / All) TIMEISAFLATCIRC: raped lol
(16:51 / All) HEADSWILLROLL: this game was shit lawl
(16:56 / All) HEADSWILLROLL: had like 50 fucking bms in mid
(17:01 / All) HEADSWILLROLL: and sahdowhunters
(17:13 / All) HEADSWILLROLL: and rod camping it
(17:14 / All) EnSabahNur: yet they still failed
(17:16 / All) HEADSWILLROLL: for like 5 minutes
(18:09 / All) HEADSWILLROLL: whats ur prob cuh?
(18:27 / All) FORESCORE.D: yellow go the fuck away
(19:24 / All) HEADSWILLROLL: didn't even creep 1 red corner sigh
(19:37 / All) TIMEISAFLATCIRC: I got 3 and they had shit items anyway
(19:42 / All) TIMEISAFLATCIRC: 2 rings of prot +5 and dagger of escape
(19:49 / All) hkjhkjgghghk: gg
(19:50 / All) HEADSWILLROLL: rings of protection are coo
(19:53 / All) HEADSWILLROLL: especially with my crown
(23:12 / Allies) TIMEISAFLATCIRC: ty
(24:14 / All) TIMEISAFLATCIRC: lol
(24:45 / All) HEADSWILLROLL: don't call him a jew
(24:51 / All) HEADSWILLROLL: that's disrespectful of the holocaust
(24:58 / All) EnSabahNur: fuck u and ur holocaust
(26:06 / All) TIMEISAFLATCIRC: HELMS DEEP
(26:20 / All) FORESCORE.D: teal is not hitting u
(26:21 / All) FORESCORE.D: red
(26:22 / All) FORESCORE.D: not sure why
(26:32 / All) TIMEISAFLATCIRC: feels like the battle for helms deep map
(26:48 / All) FORESCORE.D: teal tked
(26:49 / All) FORESCORE.D: lawl
(26:51 / All) EnSabahNur: funny
(26:53 / All) EnSabahNur: they tk me
(26:55 / All) EnSabahNur: and say i do it
(26:56 / All) ecupirate: he has the powa!
(27:01 / All) FORESCORE.D: nigger teal
(27:13 / All) TIMEISAFLATCIRC: raped pink
(27:18 / All) FORESCORE.D: fuck off teal
(27:29 / All) FORESCORE.D: teal tk
(27:34 / All) TIMEISAFLATCIRC: teal tking you?
(27:35 / All) FORESCORE.D: i swear to god he flamestriked bluesd halll first
(27:36 / All) TIMEISAFLATCIRC: was wondering where he was
(27:37 / All) EnSabahNur: they funny trolls
(27:41 / All) EnSabahNur: they tk me and say i tk them
(27:43 / All) EnSabahNur: LOL
(27:49 / All) TIMEISAFLATCIRC: making up stories, teal?
(27:50 / All) FORESCORE.D: dude you flamestriked
(27:51 / All) FORESCORE.D: him
(28:01 / All) EnSabahNur: i flamestrike after he kills my pheonix
(28:04 / All) EnSabahNur: stupid jew
(28:09 / All) FORESCORE.D: u were gonna tk him
(28:11 / All) FORESCORE.D: u didnt hit red
(28:13 / All) FORESCORE.D: u went to hisb ase
(28:19 / All) HEADSWILLROLL: top staff
(28:20 / All) EnSabahNur: i was waiting on pink to hit red u noob
(28:21 / All) FORESCORE.D: why did you
(28:23 / All) EnSabahNur: just stop talking
(28:25 / All) HEADSWILLROLL: tp staff next time rod
(28:28 / All) TIMEISAFLATCIRC: You're easy for me teal
(28:30 / All) TIMEISAFLATCIRC: Easy game
(28:31 / All) TIMEISAFLATCIRC: easy life
(28:34 / All) FORESCORE.D: getting you banned from clan s4s
(28:36 / All) FORESCORE.D: for being a tker
(28:37 / All) HEADSWILLROLL: buy 2 tp staff rod
(28:44 / All) EnSabahNur: i bet you are
(28:44 / All) TIMEISAFLATCIRC: are you a shaman purp?
(28:57 / All) FORESCORE.D: no but i know unholydreadlord
(29:00 / All) FORESCORE.D: u are banned 100%
(29:04 / All) EnSabahNur: LoL
(29:06 / All) EnSabahNur: funny troll
(29:06 / All) FORESCORE.D: i have proof you tked first
(29:11 / All) EnSabahNur: no u dont
(29:12 / All) EnSabahNur: but ok
(29:13 / All) FORESCORE.D: besides, it was just a phoenix
(29:18 / All) FORESCORE.D: a phoenix doesnt cost u shit
(29:28 / All) FORESCORE.D: time to leave, teal
(29:31 / All) FORESCORE.D: off with ya
(29:31 / All) EnSabahNur: and i killed nothing
(29:40 / All) ecupirate: i believe teal
(29:45 / All) FORESCORE.D: u flamestriked his hall, that is a grounds for blue to tk u
(29:50 / All) EnSabahNur: LOL
(29:52 / All) FORESCORE.D: tk is not the right word
(29:55 / All) EnSabahNur: funny troll
(29:56 / Allies) TIMEISAFLATCIRC: bladestorm that yellow
(30:00 / All) FORESCORE.D: rather, serve justice
(30:44 / All) FORESCORE.D: you got this coming teal
(30:56 / All) FORESCORE.D: blue was just making sure justice was served
(31:02 / All) FORESCORE.D: obviously you do.
(31:07 / All) ecupirate: purp tkd teal
(31:13 / All) FORESCORE.D: this isnt a court of law and you're trying to prove you did nothing wrong
(31:26 / All) FORESCORE.D: yellow is a hacker, his word means nothing
(31:27 / All) EnSabahNur: not trying to prove anything cuz idc
(32:29 / All) FORESCORE.D: out please, teal
(32:47 / All) ecupirate: purp going to tk blue
(34:18 / All) EnSabahNur: xD
(34:22 / All) HEADSWILLROLL: now
(34:26 / All) HEADSWILLROLL: haha
(34:26 / All) FORESCORE.D: lawl
(34:28 / All) FORESCORE.D: out yellow
(34:29 / All) ecupirate: dayum son
(34:30 / All) FORESCORE.D: hacker down
(34:34 / All) ecupirate: he had a family to feed man!
(34:43 / All) HEADSWILLROLL: gtfo mid creep thief
(34:45 / All) FORESCORE.D: do it teal
(34:47 / All) FORESCORE.D: revive a hero
(34:50 / All) FORESCORE.D: tavern rez goog
(34:58 / Allies) ecupirate: red u need wood bre
(35:03 / Allies) ecupirate: dont worry about mining
(35:10 / Allies) ecupirate: get wood going
(35:20 / All) HEADSWILLROLL: about to die
(35:40 / All) FORESCORE.D: out teal
(35:44 / All) FORESCORE.D: u will be banned from s4s
(35:45 / All) EnSabahNur: now i afk
(35:47 / All) FORESCORE.D: ill make sure of it
(35:49 / All) EnSabahNur: have fun nabs
(35:51 / All) EnSabahNur: xD
(36:04 / All) EnSabahNur: blue killing himself
(36:08 / All) EnSabahNur: purp too
(36:10 / All) EnSabahNur: funny trolls
(36:14 / All) TIMEISAFLATCIRC: go kill yourselfteal
(36:16 / All) EnSabahNur: gg red
(36:18 / All) FORESCORE.D: thought u were "afk"
(36:27 / All) EnSabahNur: i am
(36:31 / All) EnSabahNur: looking for lighter
(36:39 / All) EnSabahNur: speak to text app retard
(37:05 / All) FORESCORE.D: what is your favorite tv show teal? mine is game of thrones
(37:09 / All) EnSabahNur: funny how they think i care xD
(37:20 / All) TIMEISAFLATCIRC: you obviously do teal
(37:25 / All) HEADSWILLROLL: when there is stuff to kill? YA HOMO!
(37:26 / All) EnSabahNur: yup
(37:26 / All) FORESCORE.D: are you a better call saul man or a leftovers man
(37:32 / All) EnSabahNur: i care so much i sit here and waste their time
(37:45 / All) TIMEISAFLATCIRC: only one wasting time is you
(37:49 / All) TIMEISAFLATCIRC: we having fun
(37:53 / All) EnSabahNur: me too
(38:05 / All) HEADSWILLROLL: haha it's so much fun to get raped
(38:06 / All) FORESCORE.D: alt tabbed, browsing gfaqs and GAF
(38:39 / All) TIMEISAFLATCIRC: Spellbreakers look so cool
(38:42 / All) TIMEISAFLATCIRC: one of the coolest units
(38:50 / All) TIMEISAFLATCIRC: and interesting design doing damage to mana and shit
(38:54 / All) HEADSWILLROLL: Who dat
(38:54 / All) TIMEISAFLATCIRC: you
(38:55 / All) EnSabahNur: its u nerd
(39:01 / All) EnSabahNur: purp next
(39:13 / All) TIMEISAFLATCIRC: drophacker lmao
(39:14 / All) EnSabahNur: go ahead and pp nerd rager
(40:39 / All) FORESCORE.D: 5 peons bot right
(41:01 / All) EnSabahNur: idiot cant even count to 4
(41:13 / All) TIMEISAFLATCIRC: how much you pay for your hacks teal?
(41:19 / All) EnSabahNur: ask purp
(41:33 / All) EnSabahNur: wrong way red
(41:41 / All) EnSabahNur: lol map was revealed and he still goes wrong way
(41:48 / All) FORESCORE.D: killing last 2 towers. teal likes little boys
(41:56 / All) EnSabahNur: purp so raged
(41:57 / All) EnSabahNur: lol
(42:01 / All) TIMEISAFLATCIRC: you're raging
(42:04 / All) EnSabahNur: hardly
(42:05 / All) TIMEISAFLATCIRC: and losing
(42:14 / All) EnSabahNur: had 3 trolls
(42:15 / All) FORESCORE.D: teal is a baby!